 Dungeon Crawl Stone Soup version 0.18-a0-1721-gc4d1f22 (webtiles) character file.

97 incide the Chopper (level 4, -1/33 HPs)
             Began as a Demonspawn Gladiator on Apr 9, 2016.
             Slain by a worm (8 damage)
             ... on level 2 of the Dungeon.
             The game lasted 00:03:06 (1378 turns).

incide the Chopper (Demonspawn Gladiator)           Turns: 1378, Time: 00:03:07

Health: -1/33      AC:  4    Str: 17    XL:     4   Next: 42%
Magic:  4/4        EV: 12    Int:  9    God:
Gold:   92         SH:  0    Dex: 15    Spells: 0 memorised, 3 levels left

rFire  . . .     SeeInvis .     a - +0 war axe
rCold  . . .     Gourm    .     b - +0 leather armour
rNeg   . . .     Faith    .     (no shield)
rPois  .         Spirit   .     c - +0 helmet
rElec  .         Dismiss  .     (no cloak)
rCorr  .         Reflect  .     (no gloves)
SustAt .         Harm     .     (no boots)
MR     .....                    (no amulet)
Stlth  ++........               (no ring)
                                (no ring)

@: drained, not resistant to hostile enchantments, unstealthy
A: hooves 1, thin skeletal structure 1, demonic guardian 1
a: no special abilities


You were on level 2 of the Dungeon.
You were hungry.

You visited 1 branch of the dungeon, and saw 2 of its levels.

You collected 92 gold pieces.

Inventory:

Hand Weapons
 a - a +0 war axe (weapon)
Missiles
 d - 3 throwing nets (quivered)
Armour
 b - a +0 leather armour (worn)
 c - a +0 helmet (worn)
Scrolls
 g - a scroll of recharging {unknown}
 h - a scroll of teleportation {unknown}
 j - 2 scrolls of identify {unknown}
 k - a scroll of amnesia {unknown}
 l - a scroll of magic mapping {unknown}
Potions
 e - a potion of curing
 i - 2 potions of ambrosia {unknown}
 o - a potion of agility {unknown}
 p - a potion of flight {unknown}
Comestibles
 f - a bread ration
 m - 2 meat rations


   Skills:
 - Level 2.0(1.8) Fighting
 + Level 4.8(4.6) Axes
 - Level 1.7(1.5) Throwing
 - Level 2.6(2.5) Dodging


You had 3 spell levels left.
You didn't know any spells.

Dungeon Overview and Level Annotations

Branches:
Dungeon (2/15)

Altars:


Innate Abilities, Weirdness & Mutations

You have large cloven feet.
You have a somewhat thin skeletal structure (Dex +2, Stealth).
A weak demonic guardian rushes to your aid.


Message History

The jackal bites you but does no damage.
The jackal bites you.
You hit the jackal.
You kill the jackal!
You hit the jackal. You kick the jackal, but do no damage.
The jackal is heavily wounded.
The jackal closely misses you.
The jackal bites you but does no damage.
You slash the jackal!
You kill the jackal!
You hit the worm.
The worm is moderately wounded.
You slash the worm! You kick the worm, but do no damage.
The worm is almost dead.
The worm bites you!
* * * LOW HITPOINT WARNING * * *
You barely miss the worm. You kick the worm, but do no damage.
The worm is severely wounded.
The worm bites you!
You die...

#...).......#
####...........# .#
#..............# .#
#.......)......###.#
#..................######
#......#####.###.........
#......# #.# #.........
####...รท..# #.###.........
.......<..# #.@wh.........
..........# #####.........
........### #.........
......).# #.........
........# #########.........
.......)###.(....###########
########.........#
#.........# #.........#


You could see a worm and a jackal.

Vanquished Creatures
  Ijyb (D:2)
  2 gnolls (D:2)
  An adder (D:2)
  A dart slug (D:2)
  A giant gecko (D:1)
  3 giant cockroaches
  5 goblins
  A hobgoblin (D:1)
  4 jackals
  A quokka (D:2)
  6 bats
  A giant newt (D:2)
  6 kobolds
  11 rats
44 creatures vanquished.

Vanquished Creatures (collateral kills)
  A gnoll (D:2)
  A bat (D:2)
2 creatures vanquished.

Grand Total: 46 creatures vanquished

Notes
Turn   | Place    | Note
--------------------------------------------------------------
     0 | D:1      | incide the Demonspawn Gladiator began the quest for the Orb.
     0 | D:1      | Reached XP level 1. HP: 16/16 MP: 1/1
    54 | D:1      | Reached skill level 3 in Axes
   105 | D:1      | Gained mutation: A weak demonic guardian rushes to your aid. [demonic ancestry]
   105 | D:1      | Reached XP level 2. HP: 15/22 MP: 2/2
   640 | D:2      | Noticed Ijyb
   651 | D:2      | Killed Ijyb
   651 | D:2      | Reached skill level 4 in Axes
   651 | D:2      | Gained mutation: You have large cloven feet. [demonic ancestry]
   651 | D:2      | Reached XP level 3. HP: 25/27 MP: 3/3
  1304 | D:2      | Gained mutation: You have a somewhat thin skeletal structure (Dex +2, Stealth). [demonic ancestry]
  1304 | D:2      | Reached XP level 4. HP: 33/33 MP: 4/4
  1378 | D:2      | Slain by a worm

Vault maps used:
D:1:      ncdulo_halloftheorcs, minmay_rat_gold_closets
D:2:      hangedman_decor_push, roderic_lattice_a, uniq_iyjb

Skill      XL: |  1  2 |
---------------+-------+-----
Axes           | 3 4 |  4.8
Fighting       | |  2.0
Throwing       | |  1.7
Dodging        | |  2.6

Action                   |  1- 3 |  4- 6 || total
-------------------------+-------+-------++-------
Melee: War axe           |    89 |    27 ||   116
  Use: Potion            |       |     1 ||     1
 Stab: Sleeping          |     4 |       ||     4
  Eat: Chunk             |       |     1 ||     1
